 Dungeon Crawl Stone Soup version 0.27.0-1-g7a089689b8 (webtiles) character file.

Game seed: 14084284015557698633

1 freelancePsychic the Sneak (level 1, -2/14 HPs)
             Began as a Kobold Delver on Aug 4, 2021.
             Was an Initiate of Ashenzari.
             Succumbed to a scorpion's poison
             ... on level 5 of the Dungeon.
             The game lasted 00:01:12 (156 turns).

freelancePsychic the Sneak (Kobold Delver)           Turns: 156, Time: 00:01:12

Health: -2/14      AC:  3    Str:  9    XL:     1   Next: 22%
Magic:  1/1        EV: 14    Int: 11    God:    Ashenzari [......]
Gold:   15         SH:  0    Dex: 16    Spells: 0/0 levels left

rFire    . . .     SeeInvis .   a - +0 short sword
rCold    . . .     Faith    .   (shield restricted)
rNeg     . . .     Spirit   .   b - +0 leather armour
rPois    .         Reflect  .   (no helmet)
rElec    .         Harm     .   (no cloak)
rCorr    .         Rampage  .   (no gloves)
Will     .....                  (no boots)
Stlth    ++++......             (no amulet)
HPRegen  0.04/turn              (no ring)
MPRegen  0.07/turn              (no ring)

@: lethally poisoned (-2 -> -15), hasted, very quick
A: small, no large weapons, nightstalker 3
a: Renounce Religion


You were on level 5 of the Dungeon.
You worshipped Ashenzari.
Ashenzari was noncommittal.
You visited 2 branches of the dungeon, and saw 3 of its levels.

You collected 15 gold pieces.

Inventory:

Hand Weapons
 a - a +0 short sword (weapon)
Armour
 b - a +0 leather armour (worn)
Wands
 e - a wand of iceblast (10)
 g - a wand of digging (3)
Scrolls
 c - a scroll of fog
 i - a scroll of enchant armour
Potions
 d - a potion of lignification
 h - a potion of curing {@q1}


   Skills:
 + Level 3.3 Fighting
 * Level 2.7 Short Blades
 - Level 2.4 Dodging
 - Level 6.6 Stealth


You couldn't memorise any spells.
You didn't know any spells.
Your spell library was empty.

Dungeon Overview and Level Annotations

Branches:
Dungeon (5/15)             Temple (1/1) D:5

Altars:
Ashenzari
Elyvilon
Gozag
Uskayaw
Vehumet
Wu Jian
The Shining One

Annotations:
D:4 Eustachio


Innate Abilities, Weirdness & Mutations

You are small and have problems with some larger weapons.
You are completely attuned to the shadows.


Message History

Eustachio is wielding a +0 rapier and wearing a +2 leather armour of positive energy.
Eustachio shouts!
The goblin shouts!
You hear a shout!
The hobgoblin shouts!
You hear a shout! x7
You hear a shout!
Eustachio says, "My allies will avenge me."
Eustachio casts a spell.
Eustachio blinks!
As you read the scroll of fear, it crumbles to dust.
You assume a fearsome visage.
The goblin looks frightened!
The scorpion looks frightened!
There is a stone staircase leading down here.
You climb downwards.
There is a stone staircase leading up here.
There is a stone staircase leading up here.
You climb upwards.
Level annotation: Eustachio A necrophage comes into view.
The necrophage hits you.
There is a stone staircase leading down here.
The necrophage hits you.
* * * LOW HITPOINT WARNING * * *
You climb downwards.
There is a stone staircase leading up here.
You feel yourself speed up. The necrophage closely misses you.
Found 17 stones.
Found a wand of iceblast (10).
An orc comes into view. It is wielding a +0 falchion.
You see here a wand of iceblast (10).
e - a wand of iceblast (10)
Found 30 gold pieces.
Found 8 bolts.
You now have 15 gold pieces.
There are no items here.
A scorpion comes into view.
A scorpion comes into view.
You hit the scorpion but do no damage. The scorpion stings you.
* * * LOW HITPOINT WARNING * * *
You are lethally poisoned!
The scorpion poisons you!
You die...

..,,,,,,,,,,,#.....#......,,,*
,,,,,,,,,,,,.............o,,,*
,,,,,,,,****#.............,,,*
,,,,,,*,****#.......#.....,,**
*,,,,,,,,,,,........##....,**
,,*,,,,,****#.(.....#*###***
,****,,,*** #.......# ,*
**,,,,**#.......# ,**
*,,*,,,,##..@..##*
,,***,***,,,*##......*
,,**,,,,,,*,s...s....*
*,*,,,,,,,,,..###...#*
*,,,,,,,,,,,..***.#.#
,,,,,,,,,,,,,,,,,.#.#
,,,,,,,,,,,,,,,,,,*,****
**,,,,,,,,,,,,***,,,,,,*
**,,,,,,,,,,*,,,,,,,,,,*


You could see a scorpion.

Vanquished Creatures
  A giant cockroach (D:4)
1 creature vanquished.

Notes
Turn   | Place    | Note
-------+----------+-------------------------------------------
     0 | D:5      | freelancePsychic the Kobold Delver began the quest for the
                  | Orb.
     0 | D:5      | Reached XP level 1. HP: 14/14 MP: 1/1
    26 | D:5      | Found a staircase to the Ecumenical Temple.
    32 | Temple   | Entered the Ecumenical Temple
    48 | Temple   | Became a worshipper of Ashenzari the Shackled
    98 | D:4      | Noticed Eustachio
    98 | D:4      | Noticed a scorpion
   115 | D:4      | Noticed a necrophage
   151 | D:5      | Noticed a scorpion
   154 | D:5      | Noticed a scorpion
   156 | D:5      | Succumbed to a scorpion's poison

Illustrated notes

Levels and vault maps discovered:
D:4:      layout_rooms, serial_shops, kennysheep_little_box, kennysheep_potato,
          uniq_robin, uniq_natasha, uniq_eustachio
D:5:      layout_rooms, minmay_temple_entry_glass, grunt_ministairs_14
Temple:   compressed_dpeg_triangle_lava_temple

Action                   || total
-------------------------++-------
Melee: Short sword       ||     2
  Use: Scroll            ||     2
       Potion            ||     1
 Stab: Sleeping          ||     1
Dodge: Dodged            ||     1
